 Dungeon Crawl Stone Soup version 0.28.0-53-g5a82cb258f (webtiles) character file.

Game seed: 9830088849142910995

28 styxcanada the Sneak (level 2, -2/15 HPs)
             Began as a Spriggan Brigand on Aug 13, 2022.
             Slain by a kobold
             ... wielding a +1 dagger of venom
              (4 damage)
             ... on level 1 of the Dungeon.
             The game lasted 00:02:17 (673 turns).

styxcanada the Sneak (Spriggan Brigand)              Turns: 673, Time: 00:02:17

Health: -2/15      AC:  3    Str:  7    XL:     2   Next: 96%
Magic:  3/3        EV: 17    Int: 12    God:
Gold:   48         SH:  0    Dex: 16    Spells: 1/1 levels left

rFire   . . .      SeeInvis +   a - +2 dagger
rCold   . . .      Faith    .   (no shield)
rNeg    . . .      Spirit   .   b - +0 robe
rPois   .          Reflect  .   (helmet restricted)
rElec   .          Harm     .   c - +0 cloak
rCorr   .          Rampage  .   (gloves unavailable)
Will    .....                   (boots unavailable)
Stlth   ++++......              (no amulet)
HPRegen 0.05/turn               (no ring)
MPRegen 0.08/turn               (no ring)

@: very quick
A: very small, no large weapons, unfitting armour, see invisible, speed 3
a: no special abilities


You were on level 1 of the Dungeon.
You visited 1 branch of the dungeon, and saw 1 of its levels.

You collected 48 gold pieces.

Inventory:

Hand Weapons
 a - a +2 dagger (weapon)
Missiles
 d - 5 poisoned darts (quivered)
 e - 2 curare-tipped darts
 f - 42 stones
 j - 13 sling bullets
Armour
 b - a +0 robe (worn)
 c - a +0 cloak (worn)
Scrolls
 g - a scroll of torment {unknown}
 k - a scroll of fear {unknown}
Potions
 h - a potion of heal wounds {unknown}
 i - a potion of mutation {unknown}


   Skills:
 * Level 1.7 Fighting
 + Level 2.4 Short Blades
 + Level 2.0 Throwing
 * Level 2.0 Dodging
 * Level 6.8 Stealth


You had one spell level left.
You didn't know any spells.
Your spell library was empty.

Dungeon Overview and Level Annotations

Branches:
Dungeon (1/15)

Altars:


Innate Abilities, Weirdness & Mutations

You are very small and have problems with some larger weapons.
You are too small for most types of armour.
You have supernaturally acute eyesight. (SInv)
You cover ground extremely quickly. (Speed+++)


Message History

You throw a poisoned dart. The poisoned dart hits the kobold.
The kobold is poisoned.
You hit the kobold but do no damage. The kobold hits you with a +0 whip.
You hit the kobold.
You kill the kobold!
The kobold hits you with a +0 short sword.
Items here: )) ††.
You hit the kobold but do no damage. The kobold closely misses you.
You hit the kobold but do no damage. The kobold barely misses you.
You hit the kobold but do no damage. The kobold barely misses you.
You hit the kobold.
The kobold is severely wounded.
The kobold hits you with a +0 short sword.
* * * LOW HITPOINT WARNING * * *
You hit the kobold.
You kill the kobold!
The kobold throws a stone.
The stone barely misses you.
Your Dodging skill increases to level 2!
Throw: 6 darts (poison)
Press: ? - help, Q - select action, (/) - cycle Shift-Dir - straight line, f - kobold
Aim: a kobold, wielding a +0 dagger and quivering stones (53% to hit)
You throw a poisoned dart. The poisoned dart hits the kobold.
The kobold is poisoned.
You hit the kobold.
The kobold is severely wounded.
The kobold hits you but does no damage.
You hit the kobold.
You kill the kobold! 2 frilled lizards come into view.
The frilled lizard hisses angrily. x2
Items here: (( )) ††.
A rat comes into view.
You see here a poisoned dart.
You miss the frilled lizard.
The bush looks more healthy.
The frilled lizard completely misses you.
You hit the frilled lizard.
You kill the frilled lizard!
The frilled lizard bites the bush but does no damage.
The kobold hits you with a +1 dagger of venom.
You die...

.##........###P...PP♣
#..#
....#......#♣P.....P♣
#..#
....#......#P.......♣
#..#
....#......#♣...§.÷.#
..#
....#......##≈....÷.♣
..#
###'#......#♣Pr....#
#.#
...........#♣PP.l.P#
...........#♣♣.PKP#♣
.....#.....#####@##
.....#..(.....))(#
..########...#####
.............#
..######.....#
..######.....#
#........#...#
#.######.#....... #
#....#.#.......


You could see a kobold, a frilled lizard and a rat.

Vanquished Creatures
  2 dart slugs (D:1)
  3 ball pythons (D:1)
  A bat (D:1)
  2 endoplasms (D:1)
  A hobgoblin (D:1)
  5 kobolds (D:1)
  A frilled lizard (D:1)
  4 goblins (D:1)
  3 rats (D:1)
22 creatures vanquished.

Vanquished Creatures (others)
  2 plants (D:1)
2 creatures vanquished.

Grand Total: 24 creatures vanquished

Notes
Turn   | Place    | Note
-------+----------+-------------------------------------------
     0 | D:1      | styxcanada the Spriggan Brigand began the quest for the
                  | Orb.
     0 | D:1      | Reached XP level 1. HP: 10/10 MP: 2/2
   152 | D:1      | Reached skill level 6 in Stealth
   305 | D:1      | Reached XP level 2. HP: 15/15 MP: 3/3
   673 | D:1      | Slain by a kobold

Illustrated notes

Levels and vault maps discovered:
D:1:      zelgadis_glass_arrival_small, layout_basic, lexackson_kobold_supper

Skill      XL: |  1  2 |
---------------+-------+-----
Stealth        | 6 |  6.8
Dodging        | 2 |  2.0
Fighting       | |  1.7
Short Blades   | |  2.4
Throwing       | |  2.0

Action                   || total
-------------------------++-------
Melee: Dagger            ||    55
       Punch             ||     2
Throw: Dart              ||     3
 Stab: Sleeping          ||     6
Armor: Robe              ||    12
Dodge: Dodged            ||    30
